 Dungeon Crawl Stone Soup version 0.21.1-1-g345015f (webtiles) character file.

207 Iko the Skirmisher (level 5, -11/50 HPs)
             Began as a Naga Abyssal Knight on June 2, 2018.
             Was a Believer of Lugonu.
             Mangled by an ice beast (12 damage)
             ... on level 8 of the Dungeon.
             The game lasted 00:08:53 (1027 turns).

Iko the Skirmisher (Naga Abyssal Knight)            Turns: 1027, Time: 00:08:54

Health: -11/50     AC: 14    Str: 14      XL:     5   Next: 85%
Magic:  6/6        EV:  8    Int: 12      God:    Lugonu [**....]
Gold:   96         SH:  0    Dex: 11 (12) Spells: 4/4 levels left

rFire    . . .     SeeInvis +   i - +2 mace (protect)
rCold    . . .     Gourm    .   (no shield)
rNeg     . . .     Faith    .   h - +0 ring mail
rPois    +         Spirit   .   (no helmet)
rElec    .         Reflect  .   d - +0 cloak
rCorr    .         Harm     .   (no gloves)
MR       .....                  (no barding)
Stlth    +.........             (no amulet)
HPRegen  0.16/turn              e - +2 ring of protection
MPRegen  0.10/turn              g - ring of poison resistance

@: protection aura, very slow
A: large, see invisible, deformed body, poison resistance, slowness 2, slow
metabolism 1, spit poison 1, AC +1
a: Spit Poison, Depart the Abyss, Bend Space, Renounce Religion


You were on level 8 of the Dungeon.
You worshipped Lugonu.
Lugonu was pleased with you.
You were not hungry.

You visited 1 branch of the dungeon, and saw 8 of its levels.
You visited the Abyss 1 time.

You collected 96 gold pieces.

Inventory:

Hand Weapons
 i - a +2 mace of protection (weapon)
Missiles
 f - 6 javelins (quivered)
Armour
 d - a +0 cloak (worn)
 h - a +0 ring mail (worn)
Jewellery
 e - a +2 ring of protection (left hand)
 g - a ring of poison resistance (right hand)
Scrolls
 b - a scroll of silence
Comestibles
 c - 3 rations


   Skills:
 + Level 4.2 Fighting
 + Level 1.2 Maces & Flails
   Level 3.0 Polearms
 + Level 1.1 Throwing
 + Level 2.5 Armour
 + Level 1.5 Dodging
 + Level 0.5 Stealth
 + Level 2.1 Invocations


You had 4 spell levels left.
You didn't know any spells.

Dungeon Overview and Level Annotations

Branches:
Dungeon (8/15)
 Temple: D:4-7         Lair: D:8-11

Altars:


Innate Abilities, Weirdness & Mutations

You cannot wear boots.
Your serpentine skin is tough. (AC +1)
You have supernaturally acute eyesight. (SInv)
Armour fits poorly on your strangely shaped body.
Your system is resistant to poisons. (rPois)
You cover ground very slowly.
You have a slow metabolism.
You can spit poison.


Message History

The ice beast hits you.
* * * LOW HITPOINT WARNING * * *
The ice beast freezes you!
* * * LOW HITPOINT WARNING * * *
You hit the ice beast.
The ice beast is severely wounded.
The ice beast hits you but does no damage.
The ice beast completely misses you.
You completely miss the ice beast.
The ice beast is severely wounded.
The ice beast hits you but does no damage.
You hit the ice beast but do no damage.
The ice beast is severely wounded.
The ice beast hits you but does no damage.
You hit the ice beast but do no damage.
The ice beast is severely wounded.
The ice beast barely misses you. The ice beast hits you.
* * * LOW HITPOINT WARNING * * *
The ice beast freezes you!
You die...

# .. .# ..# (.
#########.##...
#......@Y......
#.######.####?.
#.# ... #.####
..... #....#
###.... #####.#
.#.. #..<..# #
. #.....#
####..#


You could see an ice beast.

Vanquished Creatures
  A sky beast (D:5)
  An orc wizard (D:7)
  Terence (D:2)
  A hound zombie (D:6)
  An adder (D:3)
  A leopard gecko (D:2)
  An orc (D:3)
  2 bats
  4 giant cockroaches (D:1)
  5 goblins
  2 hobgoblins (D:3)
  7 jackals
  A quokka (D:2)
  A ball python (D:1)
  A ball python zombie (D:6)
  A frilled lizard (D:2)
  A kobold (D:1)
  4 rats
36 creatures vanquished.

Notes
Turn   | Place    | Note
-------+----------+-------------------------------------------
     0 | Abyss:1  | Iko the Naga Abyssal Knight began the quest for the Orb.
     0 | Abyss:1  | Reached XP level 1. HP: 21/21 MP: 2/2
    40 | D:1      | Escaped the Abyss
   174 | D:1      | Reached XP level 2. HP: 27/28 MP: 3/3
   563 | D:2      | Reached ** piety under Lugonu
   573 | D:2      | Noticed Terence
   584 | D:2      | Killed Terence
   584 | D:2      | Reached XP level 3. HP: 27/34 MP: 4/4
   661 | D:3      | Reached skill level 1 in Dodging
   683 | D:3      | Reached XP level 4. HP: 23/44 MP: 5/5
   808 | D:5      | Entered Level 5 of the Dungeon
   808 | D:5      | Noticed a sky beast
   824 | D:5      | Killed a sky beast
   824 | D:5      | Reached skill level 4 in Fighting
   824 | D:5      | Reached skill level 1 in Maces & Flails
   824 | D:5      | Reached skill level 1 in Throwing
   824 | D:5      | Reached XP level 5. HP: 43/50 MP: 6/6
   980 | D:7      | Noticed an orc warrior
  1020 | D:8      | Noticed an ice beast
  1027 | D:8      | HP: 1/50 [ice beast (3)]
  1027 | D:8      | Mangled by an ice beast

Skill      XL: |  1  2  3  4 |
---------------+-------------+-----
Polearms       | 3 |  3.0
Armour         | 2 |  2.5
Dodging        | 1 |  1.5
Fighting       | 4 |  4.2
Maces & Flails | 1 |  1.2
Throwing       | 1 |  1.1
Stealth        | |  0.5
Invocations    | |  2.1

Action                   |  1- 3 |  4- 6 || total
-------------------------+-------+-------++-------
Melee: Spear             |    78 |       ||    78
       Mace              |    19 |    47 ||    66
Throw: Javelin           |     6 |     9 ||    15
Invok: Bend Space        |     1 |       ||     1
 Abil: Spit Poison       |     1 |     3 ||     4
  Use: Scroll            |     3 |     5 ||     8
       Potion            |     2 |       ||     2
 Stab: Sleeping          |     1 |       ||     1
Armor: Leather armour    |    16 |       ||    16
       Ring mail         |    21 |    26 ||    47
Dodge: Dodged            |    61 |    34 ||    95
